 Dungeon Crawl Stone Soup version 0.28.0-43-g3370ac3207 (webtiles) character file.

Game seed: 12349355880275580655

482 Descartes the Nimble (level 6, -7/25 HPs)
             Began as a Felid Wanderer on Mar 22, 2022.
             Mangled by an ogre
             ... wielding a +0 giant club
              (32 damage)
             ... on level 5 of the Dungeon.
             The game lasted 00:10:13 (7339 turns).

Descartes the Nimble (Felid Wanderer)               Turns: 7339, Time: 00:10:14

Health: -7/25      AC:  2    Str: 12    XL:     6   Next: 87%
Magic:  8/8        EV: 21    Int: 18    God:
Gold:   225        SH:  0    Dex: 15    Spells: 1/7 levels left
                                        Lives:  0   Deaths: 1

rFire   . . .      SeeInvis +     - Unarmed
rCold   . . .      Faith    .   (shield unavailable)
rNeg    . . .      Spirit   .   (armour unavailable)
rPois   .          Reflect  .   (helmet unavailable)
rElec   .          Harm     .   (cloak unavailable)
rCorr   .          Rampage  .   (gloves unavailable)
Will    .....                   (boots unavailable)
Stlth   +++.......              (no amulet)
HPRegen 0.08/turn               m - +6 ring of intelligence
MPRegen 0.11/turn               (no ring)

@: quick
A: very small, claws 1, fangs 3, see invisible, speed 1, shaggy fur 2, stealthy
paws, no weapons or thrown items, no armour, multi-lived
a: no special abilities


You were on level 5 of the Dungeon.
You visited 1 branch of the dungeon, and saw 5 of its levels.

You collected 225 gold pieces.

Inventory:

Missiles
 i - 144 stones
Jewellery
 m - a +6 ring of intelligence (left paw)
Wands
 j - a wand of iceblast (13)
Scrolls
 b - a scroll of vulnerability
 c - 2 scrolls of teleportation
 d - a scroll of amnesia
 e - a scroll of enchant weapon
 g - a scroll of fog {unknown}
 h - a scroll of identify {unknown}
 k - 3 scrolls of immolation {unknown}
 l - 2 scrolls of acquirement {unknown}
 n - 2 scrolls of silence {unknown}
 p - a scroll of noise {unknown}
 q - a scroll of magic mapping {unknown}
 r - a scroll of holy word {unknown}
Potions
 a - 2 potions of attraction
 f - a potion of haste
 o - 2 potions of might {unknown}


   Skills:
 - Level 1.0 Fighting
 + Level 8.2 Dodging
 + Level 4.9 Stealth
 + Level 4.7 Unarmed Combat
 - Level 1.0 Spellcasting
 + Level 5.0 Translocations
 + Level 3.7 Transmutations


You had one spell level left.
You knew the following spells:

 Your Spells              Type           Power      Damage    Failure   Level
a - Blade Hands           Tmut           7%         N/A       75%         5
b - Apportation           Tloc           36%        N/A       2%          1

Your spell library contained the following spells:

 Spells                   Type           Power      Damage    Failure   Level
 Animate Skeleton         Necr           0%         N/A       21%         1
 Magic Dart               Conj           0%         1d3       21%         1
 Summon Small Mammal      Summ           0%         N/A       21%         1
 Searing Ray              Conj           0%         2d4       30%         2
 Call Canine Familiar     Summ           0%         N/A       52%         3
 Ozocubu's Armour         Ice            0%         N/A       52%         3
 Summon Guardian Golem    Hex/Summ       0%         N/A       52%         3
 Fulminant Prism          Conj/Hex       0%         3d6       89%         4
 Iron Shot                Conj/Erth      0%         9d1       100%        6
 Orb of Destruction       Conj           0%         9d5       100%        7
 Ozocubu's Refrigeration  Ice            0%         4d5       100%        7
 Spellforged Servitor     Conj/Summ      0%         N/A       100%        7
 Animate Armour           Summ/Erth      Unusable   N/A       N/A         4

Dungeon Overview and Level Annotations

Branches:
Dungeon (5/15)
 Temple: D:4-7

Altars:
Fedhas
Okawaru
Ru
Uskayaw

Shops:
D:3 *

Annotations:
D:3 1 runed translucent door, Crazy Yiuf


Innate Abilities, Weirdness & Mutations

You have sharp claws.
You have razor-sharp teeth.
You have supernaturally acute eyesight. (SInv)
You cover ground quickly. (Speed+)
You are covered in thick fur. (AC +2)
Your paws help you pounce on unaware monsters.
You are incapable of wielding weapons or throwing items.
You cannot wear armour.
You gain extra lives every three experience levels.


Message History

You open the door.
There is an open door here.
There is an open door here.
Found a short sword.
You open the door.
There is an open door here.
You open the door.
There is an open door here.
You now have 225 gold pieces (gained 9).
You open the door.
There is an open door here.
You open the door.
There is an open door here.
You open the door.
There is an open door here.
An adder zombie comes into view.
Found a gluggy blue potion.
An ogre comes into view. It is wielding a +0 giant club.
You pounce on the unaware helpless adder zombie!
You eviscerate the adder zombie!!!
You destroy the adder zombie!
Found a scroll labelled PUNAPLEIGA.
You see here a gluggy blue potion.
The ogre shouts!
You claw the ogre! You bite the ogre.
The ogre is heavily wounded.
The ogre misses you.
You scratch the ogre.
The ogre is severely wounded.
You barely miss the ogre.
The ogre is severely wounded.
The ogre completely misses you.
You barely miss the ogre.
The ogre is severely wounded.
The ogre closely misses you.
You scratch the ogre.
The ogre is almost dead.
The ogre hits you with a +0 giant club!!
Ouch! That really hurt!
You die...

..........# ..........#
..........#
..........#######
................#######.
'#†.....................
.#.....................#
.#............!........#
.#........######@....?.#
##........#....#.O.....#
.'........+....#.......#
.#....<...#....#########
.#........#....#
##........#....#
..........'....#
..........#######
..#+##..........#


You could see an ogre.

Vanquished Creatures
  Edmund (D:3)
  An ogre (D:4)
  2 scorpions
  A bullfrog skeleton (D:4)
  A bullfrog zombie (D:5)
  2 hounds
  An orc priest (D:4)
  An iguana (D:5)
  An orc wizard (D:4)
  A hound skeleton (D:3)
  Robin (D:4)
  2 gnolls (D:3)
  7 adders
  An ufetubus (D:4)
  An adder skeleton (D:4)
  An adder zombie (D:5)
  2 worms (D:2)
  2 dart slugs (D:4)
  2 orcs (D:4)
  5 ball pythons
  15 bats
  5 endoplasms
  3 giant cockroaches
  10 goblins
  8 hobgoblins
  2 quokkas
  3 frilled lizards
  10 kobolds
  5 rats
97 creatures vanquished.

Notes
Turn   | Place    | Note
-------+----------+-------------------------------------------
     0 | D:1      | Descartes the Felid Wanderer began the quest for the Orb.
     0 | D:1      | Descartes set off with the following items: a potion of
                  | attraction, a scroll of vulnerability
     0 | D:1      | Reached XP level 1. HP: 9/9 MP: 3/3
   311 | D:1      | Reached XP level 2. HP: 11/12 MP: 4/4
   357 | D:1      | Reached skill level 1 in Stealth
   357 | D:1      | Reached skill level 1 in Translocations
  1163 | D:2      | Reached skill level 1 in Transmutations
  1218 | D:2      | Found a blossoming altar of Fedhas.
  1231 | D:2      | Reached XP level 3. HP: 12/15 MP: 5/5
  1383 | D:2      | Found a faded altar of an unknown god.
  1950 | D:3      | Found Adexy's General Store.
  1953 | D:3      | Noticed a +0 falchion
  1953 | D:3      | Noticed a +0 spear
  1953 | D:3      | Noticed a +0 short sword
  1954 | D:3      | Noticed a +0 dagger
  1954 | D:3      | Noticed a +0 short sword
  1954 | D:3      | Noticed a +0 falchion
  1954 | D:3      | Noticed a +0 spear
  1954 | D:3      | Noticed a +0 dagger
  2058 | D:3      | Reached skill level 7 in Dodging
  2066 | D:3      | Reached XP level 4. HP: 8/19 MP: 6/6
  2473 | D:3      | Learned a level 1 spell: Magic Dart
  2738 | D:3      | Found a sacrificial altar of Ru.
  2811 | D:3      | Found a hide-covered altar of Uskayaw.
  3219 | D:3      | Found a runed translucent door.
  3220 | D:3      | Noticed Crazy Yiuf
  3378 | D:4      | Reached XP level 5. HP: 19/22 MP: 7/7
  3712 | D:4      | Noticed Robin
  3727 | D:4      | Killed Robin
  4003 | D:4      | Identified the +1 leather armour of Jigsaw {rF- rN+ rCorr}
  4144 | D:4      | Noticed Edmund
  4426 | D:3      | Learned a level 5 spell: Blade Hands
  4651 | D:3      | Killed Edmund
  4652 | D:3      | Gained mutation: You are covered in thick fur. (AC +2)
                  | [Felid growth]
  4652 | D:3      | Reached XP level 6. HP: 3/25 MP: 8/8
  4975 | D:4      | Learned a level 1 spell: Apportation
  5076 | D:4      | Found an iron altar of Okawaru.
  6001 | D:4      | Killed from afar by an orc priest
  6002 | D:4      | Reached XP level 5. HP: -7/22 MP: 7/7
  6018 | D:4      | Reached skill level 8 in Dodging
  6018 | D:4      | Reached XP level 6. HP: 10/25 MP: 8/8
  6507 | D:5      | Entered Level 5 of the Dungeon
  7187 | D:5      | Reached skill level 5 in Translocations
  7339 | D:5      | Mangled by an ogre

Illustrated notes

Levels and vault maps discovered:
D:1:      nicolae_arrival_washed_ashore, layout_basic, grunt_decor_mini_mirrors
D:2:      layout_loops_ring, basic_altar, dreamdust_ecumenical_altar_grove,
          minmay_misc_feat_chi
D:3:      layout_rooms, mainiacjoe_overflow_paths, nicolae_uskayaw_en_pointe,
          serial_shops, nicolae_shop_statue_plus, roderic_batcave,
          uniq_crazy_yiuf_cottage
D:4:      layout_gridville, okawaru_altar_gauntlet_db, minmay_splitting_lines,
          uniq_robin, uniq_edmund
D:5:      layout_gridville

Skill      XL: |  1  2  3  4  5  6 |
---------------+-------------------+-----
Stealth        | 1 2 3 4 |  4.9
Translocations | 1 2 3 5 |  5.0
Transmutations | 1 2 3 |  3.7
Dodging        | 7 8 |  8.2
Unarmed Combat | 4 |  4.7
Fighting       | |  1.0
Spellcasting   | |  1.0

Action                   |  1- 3 |  4- 6 || total
-------------------------+-------+-------++-------
Melee: Unarmed           |    96 |   234 ||   330
       Punch             |     3 |     5 ||     8
       Bite              |     5 |    29 ||    34
  Use: Potion            |       |     3 ||     3
       Scroll            |       |     3 ||     3
 Stab: Sleeping          |     1 |     9 ||    10
Armor: Skin              |     3 |    14 ||    17
Dodge: Dodged            |    77 |   216 ||   293
